 Dungeon Crawl Stone Soup version 0.22-a0-367-gb72a975 (webtiles) character file.

1757 dstrtnsr the Caller (level 8, -7/63 HPs)
             Began as a Centaur Ice Elementalist on Apr 22, 2018.
             Was a Follower of Cheibriados.
             Hit by a tomahawk thrown by an orc warrior (14 damage)
             ... on level 8 of the Dungeon.
             The game lasted 00:28:05 (3151 turns).

dstrtnsr the Caller (Centaur Ice Elementalist)      Turns: 3151, Time: 00:28:06

Health: -7/63      AC: 10    Str: 15 (16) XL:     8   Next: 79%
Magic:  5/12       EV:  8    Int: 18 (19) God:    Cheibriados [*.....]
Gold:   210        SH:  0    Dex: 13 (14) Spells: 8/13 levels left

rFire    . . .     SeeInvis .   g - +4 dagger (holy)
rCold    + . .     Gourm    .   (no shield)
rNeg     . . .     Faith    .   r - +0 robe of Temyargh {+Blink rC+ rCorr}
rPois    .         Spirit   .   (no helmet)
rElec    .         Reflect  .   (no cloak)
rCorr    +         Harm     .   d - +1 pair of gloves
MR       .....                  u - +0 centaur barding
Stlth    ++........             (no amulet)
HPRegen  0.20/turn              b - +3 ring of strength
MPRegen  0.13/turn              (no ring)

@: flying, slow
A: large, hooves 3, deformed body, speed 2, tough skin 3
a: Bend Time, Renounce Religion, Evoke Blink


You were on level 8 of the Dungeon.
You worshipped Cheibriados.
Cheibriados was aware of your devotion.
You were hungry.

You visited 1 branch of the dungeon, and saw 8 of its levels.
You also visited: Sewer.

You collected 210 gold pieces.

Inventory:

Hand Weapons
 g - a +4 dagger of holy wrath (weapon)
 m - a cursed -3 rapier
 w - a +0 dagger of draining
Missiles
 i - 22 stones (quivered)
Armour
 d - a +1 pair of gloves (worn)
 p - the +0 robe of the Trombone {rF++ SInv}
   (You found it on level 4 of the Dungeon)

   It greatly protects you from fire.
   It lets you see invisible.
 r - the +0 robe of Temyargh (worn) {+Blink rC+ rCorr}
   (You took it off a crimson imp on level 5 of the Dungeon)

   It protects you from cold.
   It lets you blink.
   It protects you from acid and corrosion.
 u - a +0 centaur barding (worn)
Magical Staves
 f - an uncursed staff of summoning {!a}
Jewellery
 b - a +3 ring of strength (left hand)
Wands
 F - a wand of flame (21)
 P - a wand of paralysis (11)
Scrolls
 a - a scroll of enchant armour {unknown}
 e - a scroll of magic mapping {unknown}
 h - a scroll of teleportation {!d}
 t - 4 scrolls of enchant weapon {unknown}
Potions
 j - a potion of cancellation {!q}
 l - 2 potions of lignification {!q}
 o - 2 potions of might
 s - a potion of flight
Comestibles
 c - 8 rations {!d}


   Skills:
 + Level 3.5 Fighting
 - Level 2.5 Short Blades
 - Level 1.3 Dodging
 - Level 1.1 Stealth
 - Level 3.0 Spellcasting
   Level 0.8 Conjurations
 + Level 6.5 Summonings
 + Level 6.2 Ice Magic


You had 8 spell levels left.
You knew the following spells:

 Your Spells              Type           Power        Failure   Level  Hunger
a - Freeze                Ice            ####         1%          1    None
i - Summon Ice Beast      Ice/Summ       ####....     12%         4    ####...


Dungeon Overview and Level Annotations

Branches:
Dungeon (8/15)             Temple (0/1) D:7
   Lair: D:8-11

Altars:
Cheibriados
Hepliaklqana
Okawaru
Ru
The Shining One

Shops:
D:7 (

Annotations:
D:2 1 transporter
D:4 Eustachio, Grinder
D:5 2 transporters, exclusion: downstairs


Innate Abilities, Weirdness & Mutations

You have hooves in place of feet.
Armour fits poorly on your strangely shaped body.
You cover ground very quickly.
You have extremely tough skin. (AC +3)


Message History

Aiming: Paralyse
Press: ? - help, Shift-Dir - straight line, f - centaur
Aim: a centaur, wielding a shortbow (chance to defeat MR: 46%)
The centaur suddenly stops moving!
Evoke which item? (* to show all) (? for menu, Esc to quit)
Aiming: Throw Flame
Press: ? - help, Shift-Dir - straight line, f/p - centaur
Aim: a centaur, wielding a shortbow (paralysed)
The puff of flame hits the centaur.
The centaur appears unharmed.
You see here an arrow.
Evoke which item? (* to show all) (? for menu, Esc to quit)
Aiming: Throw Flame
Press: ? - help, Shift-Dir - straight line, f/p - centaur
Aim: a centaur, wielding a shortbow (paralysed)
The puff of flame misses the orc warrior.
The puff of flame hits the orc.
The orc is moderately wounded.
The orc warrior hits you but does no damage.
Evoke which item? (* to show all) (? for menu, Esc to quit)
Aiming: Throw Flame
Press: ? - help, Shift-Dir - straight line, f/p - centaur
Aim: a centaur, wielding a shortbow (paralysed)
The puff of flame misses the orc warrior.
The puff of flame hits the centaur.
The centaur is moderately wounded.
The orc warrior hits you with a mace!
* * * LOW HITPOINT WARNING * * *
The orc hits you.
* * * LOW HITPOINT WARNING * * *
Huge Dmg: -17%(-11hp) hp: 4%(2hp)
Okay, then.
Casting: Summon Ice Beast (safe; 11% risk of failure)
Confirm with . or Enter, or press ? or * to list all spells.
Okay, then.
Unknown command.
You blink.
You feel slightly more hungry.
Unknown command.
Evoke which item? (* to show all) (? for menu, Esc to quit)
Aiming: Throw Flame
Press: ? - help, Shift-Dir - straight line, f - orc warrior
Aim: an orc warrior, wielding a mace and wearing a plate armour (severely wounded)
Okay, then.
Evoke which item? (* to show all) (? for menu, Esc to quit)
Aiming: Paralyse
Press: ? - help, Shift-Dir - straight line, f - orc warrior
Aim: an orc warrior, wielding a mace and wearing a plate armour (severely wounded, chance to defeat MR: 46%)
The orc warrior resists with some effort.
Evoke which item? (* to show all) (? for menu, Esc to quit)
Aiming: Paralyse
Press: ? - help, Shift-Dir - straight line, f/p - orc warrior
Aim: an orc warrior, wielding a mace and wearing a plate armour (severely wounded, chance to defeat MR: 46%)
The orc warrior resists with some effort.
Evoke which item? (* to show all) (? for menu, Esc to quit)
Aiming: Paralyse
Press: ? - help, Shift-Dir - straight line, f/p - orc warrior
Aim: an orc warrior, wielding a mace and wearing a plate armour (severely wounded, chance to defeat MR: 46%)
The orc warrior suddenly stops moving!
Found 3 scrolls labeled BUNAAVOWNO.
Evoke which item? (* to show all) (? for menu, Esc to quit)
Aiming: Throw Flame
Press: ? - help, Shift-Dir - straight line, f/p - orc warrior
Aim: an orc warrior, wielding a mace and wearing a plate armour (severely wounded, paralysed)
The puff of flame hits the orc warrior.
The orc warrior appears unharmed.
The orc warrior is severely wounded.
A hound comes into view.
Okay, then.
Evoke which item? (* to show all) (? for menu, Esc to quit)
Aiming: Throw Flame
Press: ? - help, Shift-Dir - straight line, f/p - orc warrior
Aim: an orc warrior, wielding a mace and wearing a plate armour (severely wounded, paralysed)
The puff of flame hits the orc.
You kill the orc!
Cheibriados appreciates the change of pace.
The hound barks!
The hound moves out of view.
Unknown command.
Unknown command.
Unknown command.
Unknown command.
As you read the scroll of fear, it crumbles to dust.
You assume a fearsome visage.
The centaur looks frightened!
The hound looks frightened!
Unknown command.
You see here 3 scrolls labeled BUNAAVOWNO.
t - 4 scrolls labeled BUNAAVOWNO (gained 3)
Your magical contamination has completely faded away.
Found an iron altar of Okawaru.
An orc warrior comes into view. It is wielding a dire flail.
The orc warrior shouts!
You hear a bark!
Okay, then.
Unknown command.
Unknown command.
It was a potion of degeneration.
There was something very wrong with that liquid.
You feel weakened.
You feel dopey.
You feel clumsy.
The orc warrior throws a tomahawk.
The tomahawk hits you!
You die...

...#.#..### ##..[...[...
... ....##
###...........
.....#.#o###
......o....... ...
#.#.... ###...........
....... #...........
....... #...........
....... #...........
...._..#######..........
.......@..o.............
.......########.########
..##### #.# #.# #.# #.#
#.# ### ##


You could see 2 orc warriors.

Vanquished Creatures
  An orc warrior (D:6)
  2 sky beasts
  An ice beast (D:5)
  A necrophage (D:7)
  A phantom (D:5)
  A centaur (D:5)
  4 big kobolds (Sewer)
  2 crimson imps
  2 hounds (D:5)
  A centaur skeleton (D:7)
  2 orc wizards
  Ijyb (D:4)
  A bullfrog skeleton (D:5)
  4 worker ants
  A worker ant zombie (D:6)
  A river rat (Sewer)
  5 adders
  4 oozes
  A leopard gecko (D:7)
  14 orcs
  2 ball pythons (Sewer)
  5 bats
  2 giant cockroaches
  A goblin (D:3)
  A hobgoblin (D:2)
  3 jackals (D:1)
  2 quokkas
  A frilled lizard (D:2)
  7 kobolds
  9 rats
  A butterfly (D:7)
84 creatures vanquished.

Vanquished Creatures (collateral kills)
  An orc warrior (D:6)
  An ice beast (D:6)
  A necrophage (D:7)
  A phantom (D:5)
  An ogre (D:6)
  A centaur (D:6)
  A hound (D:5)
  2 worker ants
  A river rat (D:4)
  A shadow imp (D:6)
  2 worms
  A dart slug (D:4)
  5 orcs
  A ball python (D:4)
  A kobold (Sewer)
  A rat (D:4)
22 creatures vanquished.

Vanquished Creatures (others)
  An orc (D:8)
1 creature vanquished.

Grand Total: 107 creatures vanquished

Notes
Turn   | Place    | Note
-------+----------+-------------------------------------------
     0 | D:1      | dstrtnsr the Centaur Ice Elementalist began the quest for the Orb.
     0 | D:1      | Reached XP level 1. HP: 14/14 MP: 3/3
   210 | D:3      | Reached XP level 2. HP: 20/20 MP: 1/4
   251 | D:2      | HP: 7/20 [adder (3)]
   261 | D:2      | HP: 4/20 [poisoned by an adder]
   266 | D:2      | HP: 4/20 [poisoned by an adder]
   272 | D:2      | HP: 3/20 [poisoned by an adder]
   400 | D:2      | Found a sacrificial altar of Ru.
   422 | D:2      | Found a transporter.
   539 | D:3      | Found a snail-covered altar of Cheibriados.
   547 | D:3      | Became a worshipper of Cheibriados the Contemplative
   746 | D:4      | Reached XP level 3. HP: 25/26 MP: 1/6
   753 | D:4      | Noticed Grinder
   759 | D:4      | Noticed Ijyb
   762 | D:4      | HP: 9/26 [Ijyb/wand of flame (27) (7)]
   779 | D:4      | Killed Ijyb
   779 | D:4      | Reached skill level 1 in Short Blades
   779 | D:4      | Reached XP level 4. HP: 34/34 MP: 3/7
   832 | D:4      | Noticed Eustachio
   847 | D:5      | Entered Level 5 of the Dungeon
   848 | D:5      | Reached skill level 1 in Fighting
   856 | D:5      | Learned a level 4 spell: Summon Ice Beast
   893 | D:5      | Noticed a phantom
   899 | D:5      | Found a hazy altar of Hepliaklqana.
   917 | D:5      | Killed a phantom
   917 | D:5      | Reached skill level 1 in Summonings
   917 | D:5      | Reached XP level 5. HP: 31/41 MP: 8/8
  1028 | D:5      | Noticed a centaur
  1034 | D:5      | HP: 13/41 [centaur (7)]
  1035 | D:5      | Killed a centaur
  1035 | D:5      | Reached XP level 6. HP: 15/48 MP: 1/9
  1076 | D:4      | Found a glowing drain.
  1104 | Sewer    | Entered a sewer
  1260 | Sewer    | Reached XP level 7. HP: 48/55 MP: 0/10
  1455 | Sewer    | HP: 20/55 [big kobold (5)]
  1461 | Sewer    | HP: 16/55 [poisoned by a kobold]
  1468 | Sewer    | HP: 11/55 [poisoned by a kobold]
  1599 | D:4      | Got a wizard robe
  1610 | D:4      | Identified the +0 robe of the Trombone {rF++ SInv} (You found it on level 4 of the Dungeon)
  1632 | D:4      | HP: 22/55 [poisoned by a worker ant]
  1637 | D:4      | HP: 19/55 [poisoned by a worker ant]
  1642 | D:4      | HP: 17/55 [poisoned by a worker ant]
  1649 | D:4      | HP: 16/55 [poisoned by a worker ant]
  1657 | D:4      | HP: 15/55 [poisoned by a worker ant]
  1669 | D:4      | HP: 9/55 [worker ant (7)]
  1676 | D:4      | HP: 7/55 [poisoned by a worker ant]
  1683 | D:4      | HP: 6/55 [poisoned by a worker ant]
  1691 | D:4      | HP: 5/55 [poisoned by a worker ant]
  1731 | D:4      | HP: 12/55 [orc/dagger (1)]
  1778 | D:5      | HP: 16/55 [worker ant (5)]
  1782 | D:5      | Reached skill level 5 in Summonings
  1828 | D:5      | Found a transporter.
  1886 | D:5      | HP: 22/55 [poisoned by a worker ant]
  1892 | D:5      | Found a transporter.
  1892 | D:5      | HP: 22/55 [poisoned by a worker ant]
  1900 | D:5      | HP: 21/55 [poisoned by a worker ant]
  1905 | D:5      | HP: 18/55 [hound (3)]
  1906 | D:5      | Reached * piety under Cheibriados
  1932 | D:5      | Reached skill level 5 in Ice Magic
  1959 | D:5      | Got a wizard robe
  2039 | D:5      | Reached XP level 8. HP: 33/61 MP: 6/11
  2079 | D:6      | HP: 24/61 [ice beast (14)]
  2115 | D:6      | HP: 24/61 [orc wizard/magic dart (7)]
  2739 | D:7      | Found a glowing golden altar of the Shining One.
  2753 | D:7      | Found a staircase to the Ecumenical Temple.
  2798 | D:7      | Identified the +0 robe of Temyargh {+Blink rC+ rCorr} (You took it off a crimson imp on level 5 of the Dungeon)
  2826 | D:7      | Found Lodaor's Weapon Boutique.
  3094 | D:8      | HP: 18/62 [orc warrior/tomahawk (18)]
  3105 | D:8      | HP: 8/62 [orc wizard/puff of flame (12)]
  3112 | D:8      | HP: 13/63 [orc warrior/tomahawk (5)]
  3117 | D:8      | HP: 14/63 [orc (1)]
  3127 | D:8      | HP: 6/63 [orc warrior/mace (8)]
  3127 | D:8      | HP: 2/63 [orc (4)]
  3146 | D:8      | Found an iron altar of Okawaru.
  3151 | D:8      | Hit by a tomahawk thrown by an orc warrior

Vault maps used:
D:1:      dpeg_arrival_boxorama, minmay_lizard_king
D:2:      zin_angel, gammafunk_temple_overflow_arena
D:3:      old_standard_altar, yredelemnul_forgotten_temple_becter, first_ration
D:4:      kennysheep_mini, portal_sewer_entry_c, uniq_ijyb, uniq_grinder,
          uniq_eustachio
D:5:      gammafunk_wand_slinger, lemuel_blue_sif_altar,
          lemuel_coloured_pillars_altar
D:6:      nemelex_xobeh_ov_fountains_minmay
D:7:      nicolae_overflow_crystal_walls, minmay_temple_entry_butterflies,
          serial_shops, shop, lightli_bailey_entry_fortress
D:8:      nicolae_overflow_hidden_temple, overflow_temple_1_default,
          blue_anna_alchemist, hangedman_abyss_or_decor_passed
Sewer:    sewer_co_tree

Skill      XL: |  1  2  3  4  5  6  7  8 |
---------------+-------------------------+-----
Ice Magic      | 3 4 5 6 |  6.2
Spellcasting   | 2 3 |  3.0
Short Blades   | 1 2 |  2.5
Fighting       | 1 2 3 |  3.5
Summonings     | 1 3 4 5 6 |  6.5
Dodging        | |  1.3
Stealth        | |  1.1
Conjurations   | |  0.8

Action                   |  1- 3 |  4- 6 |  7- 9 || total
-------------------------+-------+-------+-------++-------
Melee: Unarmed           |    20 |       |       ||    20
       Kick              |     3 |    11 |    28 ||    42
       Dagger            |    11 |    37 |   118 ||   166
 Cast: Freeze            |    34 |    44 |    45 ||   123
       Summon Ice Beast  |       |     1 |    22 ||    23
 Abil: Evoke Blink       |       |       |     1 ||     1
Evoke: Wand              |       |       |    24 ||    24
  Use: Scroll            |     4 |       |     6 ||    10
       Potion            |     1 |       |     3 ||     4
 Stab: Paralysed         |       |       |     8 ||     8
  Eat: Chunk             |       |     2 |    10 ||    12
Armor: Robe              |    38 |    23 |    33 ||    94
Dodge: Dodged            |    50 |    22 |    61 ||   133

Table legend:
 A = Spawn XP
 B = Non-spawn XP
 C = Spawn XP percentage of total XP
 D = Spawn monster count
 E = Non-spawn monster count
 F = Spawn count percentage of total count
 G = Total turns spent on level
                    A         B        C        D         E        F      G
               +---------+---------+-------+---------+---------+-------+---------
         Total |       0 |    2510 |   0.0 |       0 |     105 |   0.0 |  3151
               +---------+---------+-------+---------+---------+-------+---------
           D:1 |       0 |       8 |   0.0 |       0 |       4 |   0.0 |   112
           D:2 |       0 |      11 |   0.0 |       0 |       8 |   0.0 |   336
           D:3 |       0 |      19 |   0.0 |       0 |       5 |   0.0 |   270
           D:4 |       0 |     161 |   0.0 |       0 |      14 |   0.0 |   397
           D:5 |       0 |     874 |   0.0 |       0 |      21 |   0.0 |   631
           D:6 |       0 |     474 |   0.0 |       0 |      14 |   0.0 |   539
           D:7 |       0 |     311 |   0.0 |       0 |       9 |   0.0 |   261
           D:8 |       0 |     185 |   0.0 |       0 |       6 |   0.0 |   154
         Sewer |       0 |     467 |   0.0 |       0 |      24 |   0.0 |   451
               +---------+---------+-------+---------+---------+-------+---------
